 Dungeon Crawl Stone Soup version 0.28.0-53-g5a82cb258f (webtiles) character file.

Game seed: 11049515752285863656

1955 DocClef the Magician (level 9, 0/65 HPs)
             Began as a Gnoll Fire Elementalist on July 12, 2022.
             Was a Follower of Cheibriados.
             Slain by a yak (11 damage)
             ... on level 6 of the Dungeon.
             The game lasted 00:09:29 (7070 turns).

DocClef the Magician (Gnoll Fire Elementalist)      Turns: 7070, Time: 00:09:30

Health: 0/65       AC:  4    Str:  9    XL:     9   Next: 19%
Magic:  17/18      EV: 14    Int: 22    God:    Cheibriados [*.....]
Gold:   239        SH:  5    Dex: 14    Spells: 18/21 levels left

rFire   + . .      SeeInvis .   o - +2 trident (venom)
rCold   . . .      Faith    .   (no shield)
rNeg    . . .      Spirit   .   a - +0 robe
rPois   .          Reflect  +   m - +0 helmet
rElec   .          Harm     .   b - +0 cloak
rCorr   .          Rampage  .   (no gloves)
Will    .....                   (no boots)
Stlth   +++.......              g - amulet of reflection
HPRegen 0.20/turn               q - ring of fire
MPRegen 0.16/turn               h - ring of protection from cold

@: very slow
A: fangs 1, strong nose, distributed training
a: Renounce Religion, Bend Time


You were on level 6 of the Dungeon.
You worshipped Cheibriados.
Cheibriados was aware of your devotion.
You visited 2 branches of the dungeon, and saw 7 of its levels.

You collected 239 gold pieces.

Inventory:

Hand Weapons
 i - a +0 dagger
 o - a +2 trident of venom (weapon)
Missiles
 z - a throwing net
Armour
 a - a +0 robe (worn)
 b - a +0 cloak (worn)
 m - a +0 helmet (worn)
Jewellery
 f - an amulet of the acrobat
 g - an amulet of reflection (around neck)
 h - a ring of protection from cold (right hand)
 k - a ring of resist corrosion
 q - a ring of fire (left hand)
 B - an amulet of magic regeneration
Wands
 A - a wand of flame (19)
Scrolls
 c - 3 scrolls of teleportation {unknown}
 d - 4 scrolls of amnesia {unknown}
 l - 4 scrolls of identify {unknown}
 p - a scroll of immolation {unknown}
 r - 2 scrolls of fog {unknown}
 s - a scroll of holy word {unknown}
 v - a scroll of blinking {unknown}
 w - a scroll of fear {unknown}
 y - a scroll of magic mapping {unknown}
Potions
 e - a potion of flight {unknown}
 j - a potion of heal wounds {unknown}
 n - 2 potions of curing {unknown}
 t - a potion of attraction {unknown}
 u - a potion of might {unknown}
 x - 4 potions of haste {unknown}


   Skills:
 + Level 4.0 Fighting
 + Level 4.0 Short Blades
 + Level 4.0 Long Blades
 + Level 4.0 Axes
 + Level 4.0 Maces & Flails
 + Level 4.0 Polearms
 + Level 4.0 Staves
 + Level 4.0 Slings
 + Level 4.0 Bows
 + Level 4.0 Crossbows
 + Level 4.0 Throwing
 + Level 4.0 Armour
 + Level 6.1 Dodging
 + Level 5.8 Stealth
 + Level 4.0 Shields
 + Level 4.0 Unarmed Combat
 + Level 6.5 Spellcasting
 + Level 4.0 Conjurations
 + Level 3.3 Hexes
 + Level 3.3 Summonings
 + Level 3.3 Necromancy
 + Level 3.3 Translocations
 + Level 3.3 Transmutations
 + Level 6.4 Fire Magic
 + Level 3.3 Ice Magic
 + Level 3.3 Air Magic
 + Level 3.3 Earth Magic
 + Level 3.3 Poison Magic
 + Level 4.4 Invocations
 + Level 4.0 Evocations


You had 18 spell levels left.
You knew the following spells:

 Your Spells              Type           Power      Damage    Failure   Level
a - Foxfire               Conj/Fire      100%       2x1d9     1%          1
b - Scorch                Fire           100%       2d10      1%          2

Your spell library contained the following spells:

 Spells                   Type           Power      Damage    Failure   Level
 Magic Dart               Conj           96%        1d7       1%          1
 Searing Ray              Conj           48%        2d6       2%          2
 Conjure Flame            Conj/Fire      45%        6-21      3%          3
 Inner Flame              Hex/Fire       42%        N/A       3%          3
 Flame Wave               Conj/Fire      45%        2d10      10%         4
 Fulminant Prism          Conj/Hex       11%        3d9       19%         4


Dungeon Overview and Level Annotations

Branches:
Dungeon (6/15)             Temple (1/1) D:5

Altars:
Cheibriados
Dithmenos
Elyvilon
Fedhas
Gozag
Hepliaklqana
Kikubaaqudgha
Makhleb
Nemelex Xobeh
Okawaru
Qazlal
Ru
Sif Muna
Trog
Uskayaw
Vehumet
Wu Jian
Xom
Yredelemnul
Zin
The Shining One

Shops:
D:2 [


Innate Abilities, Weirdness & Mutations

You have very sharp teeth.
Your uncanny sense of smell can sniff out nearby items.
Your experience applies equally to all skills.


Message History

You block the yak's attack.
You feel a surge of power!
You conjure some foxfire!
The foxfire hits the yak!
The yak is heavily wounded.
The foxfire hits the yak.
The yak is heavily wounded.
The yak gores you!
You feel a surge of power!
You conjure some foxfire!
The yak gores you.
Unknown command.
You puncture the yak!
The yak is poisoned.
The yak is severely wounded.
The foxfire hits the yak but does no damage.
The yak is severely wounded.
The foxfire hits the yak but does no damage.
The yak is severely wounded.
The foxfire hits the yak.
The yak is severely wounded.
The yak completely misses you.
You closely miss the yak.
The yak is severely wounded.
The yak gores you!
You are too injured to fight recklessly!
Unknown command.
The yak misses you.
You are too injured to fight recklessly!
You closely miss the yak.
The yak is severely wounded.
The yak completely misses you. The yak gores you!
There is an open door here.
You hit the yak but do no damage.
The yak is almost dead.
The yak closely misses you.
You barely miss the yak.
The yak is almost dead.
The yak looks more healthy.
The yak gores you!
* * * LOW HITPOINT WARNING * * *
The yak barely misses you.
You hit the yak.
The yak is poisoned.
The yak is almost dead.
The yak gores you!
You die...

......#..........#####.####.....#
......#..........##.............#
......#.........[##..........##.#
......####<.....###........>.....
###.### ######## #........#.##.#
....# ####.#####'##.# ##### ####
#.##.......# # ###..###
#.##.......# # ###.#.@..#
#.##.......# # ###.#..#Y#.#
#.######.... # ###.#..#.#'#.# #.#
#...... # ###.#..#.###.#.###.#
#.#..)# # #.#..#.###...#.....#
#.#.).. #'#.#..#.###...###.###.#
#.#.#.÷
#......###...###∆#.########.#.#..
##.#..#.##..## #...........)...
###.#..#.##....# #..#######.#....


You could see a yak (very poisoned).

Vanquished Creatures
  Sigmund (D:3)
  A steam dragon (D:6)
  2 water moccasins
  A black bear (D:5)
  3 ogres (D:6)
  2 ice beasts
  2 necrophages (D:6)
  A centaur (D:6)
  A scorpion (D:6)
  2 jellies
  A centaur skeleton (D:4)
  A hound (D:5)
  A bullfrog skeleton (D:5)
  2 orc priests (D:6)
  3 iguanas
  3 orc wizards (D:6)
  A killer bee zombie (D:6)
  4 gnolls
  10 adders
  A howler monkey skeleton (D:4)
  An ufetubus (D:5)
  2 adder skeletons
  2 worms
  2 dart slugs (D:5)
  10 orcs
  6 ball pythons
  7 endoplasms
  4 giant cockroaches
  4 goblins
  3 hobgoblins
  4 jackals (D:1)
  2 quokkas
  6 bats
  3 frilled lizards
  4 kobolds
  4 rats
107 creatures vanquished.

Vanquished Creatures (others)
  579 foxfires
579 creatures vanquished.

Grand Total: 686 creatures vanquished

Notes
Turn   | Place    | Note
-------+----------+-------------------------------------------
     0 | D:1      | DocClef the Gnoll Fire Elementalist began the quest for the
                  | Orb.
     0 | D:1      | Reached XP level 1. HP: 13/13 MP: 6/6
   293 | D:1      | Reached XP level 2. HP: 19/19 MP: 4/7
   707 | D:1      | Found a faded altar of an unknown god.
   844 | D:2      | Reached XP level 3. HP: 23/25 MP: 6/9
   847 | D:2      | Learned a level 2 spell: Scorch
   877 | D:2      | Reached skill level 1 in Fighting
   877 | D:2      | Reached skill level 1 in Short Blades
   877 | D:2      | Reached skill level 1 in Long Blades
   877 | D:2      | Reached skill level 1 in Axes
   877 | D:2      | Reached skill level 1 in Maces & Flails
   877 | D:2      | Reached skill level 1 in Polearms
   877 | D:2      | Reached skill level 1 in Staves
   877 | D:2      | Reached skill level 1 in Slings
   877 | D:2      | Reached skill level 1 in Bows
   877 | D:2      | Reached skill level 1 in Crossbows
   877 | D:2      | Reached skill level 1 in Throwing
   877 | D:2      | Reached skill level 1 in Armour
   877 | D:2      | Reached skill level 1 in Shields
   877 | D:2      | Reached skill level 1 in Unarmed Combat
   877 | D:2      | Reached skill level 5 in Spellcasting
   877 | D:2      | Reached skill level 1 in Invocations
   877 | D:2      | Reached skill level 1 in Evocations
   959 | D:2      | Reached XP level 4. HP: 32/32 MP: 8/11
  1159 | D:2      | Found Ydoomm's Antique Armour Shop.
  1714 | D:2      | Reached skill level 1 in Hexes
  1714 | D:2      | Reached skill level 1 in Summonings
  1714 | D:2      | Reached skill level 1 in Necromancy
  1714 | D:2      | Reached skill level 1 in Translocations
  1714 | D:2      | Reached skill level 1 in Transmutations
  1714 | D:2      | Reached skill level 1 in Ice Magic
  1714 | D:2      | Reached skill level 1 in Air Magic
  1714 | D:2      | Reached skill level 1 in Earth Magic
  1714 | D:2      | Reached skill level 1 in Poison Magic
  2771 | D:2      | Reached XP level 5. HP: 37/37 MP: 9/12
  3017 | D:3      | Noticed Sigmund
  3023 | D:3      | Killed Sigmund
  3024 | D:3      | Reached skill level 5 in Dodging
  3024 | D:3      | Reached XP level 6. HP: 44/44 MP: 7/14
  4537 | D:5      | Entered Level 5 of the Dungeon
  4543 | D:5      | Noticed an ice beast
  4548 | D:5      | Noticed a water moccasin
  4556 | D:5      | Killed an ice beast
  4557 | D:5      | Reached XP level 7. HP: 41/51 MP: 4/15
  4984 | D:5      | Found a staircase to the Ecumenical Temple.
  5085 | Temple   | Entered the Ecumenical Temple
  5452 | Temple   | Became a worshipper of Cheibriados the Contemplative
  5607 | D:5      | Reached skill level 5 in Stealth
  6014 | D:6      | Reached XP level 8. HP: 57/57 MP: 8/16
  6510 | D:6      | Reached * piety under Cheibriados
  6910 | D:6      | Reached XP level 9. HP: 65/65 MP: 13/18
  7070 | D:6      | Slain by a yak

Illustrated notes

Levels and vault maps discovered:
D:1:      beargit_arrival_greenhouse, layout_loops_ring,
          hellmonk_ecumenical_altar_run_dry, minmay_tall_x
D:2:      layout_basic, serial_shops, nicolae_shop_statue_plus
D:3:      cheibrodos_helix_gallery, layout_basic, uniq_sigmund
D:4:      layout_cave_pools
D:5:      layout_gridville, minmay_temple_entry_glass,
          minmay_fractal_squares_gapless_5
D:6:      minmay_razor_zed, layout_basic
Temple:   mainiacjoe_temple_circle_huts

Skill      XL: |  1  2  3  4  5  6  7  8  9 |
---------------+----------------------------+-----
Conjurations   | 2 3 4 |  4.0
Fighting       | 1 2 3 4 |  4.0
Short Blades   | 1 2 3 4 |  4.0
Long Blades    | 1 2 3 4 |  4.0
Axes           | 1 2 3 4 |  4.0
Maces & Flails | 1 2 3 4 |  4.0
Polearms       | 1 2 3 4 |  4.0
Staves         | 1 2 3 4 |  4.0
Slings         | 1 2 3 4 |  4.0
Bows           | 1 2 3 4 |  4.0
Crossbows      | 1 2 3 4 |  4.0
Throwing       | 1 2 3 4 |  4.0
Armour         | 1 2 3 4 |  4.0
Shields        | 1 2 3 4 |  4.0
Unarmed Combat | 1 2 3 4 |  4.0
Spellcasting   | 5 6 |  6.5
Invocations    | 1 2 3 4 |  4.4
Evocations     | 1 2 3 4 |  4.0
Hexes          | 1 2 3 |  3.3
Summonings     | 1 2 3 |  3.3
Necromancy     | 1 2 3 |  3.3
Translocations | 1 2 3 |  3.3
Transmutations | 1 2 3 |  3.3
Ice Magic      | 1 2 3 |  3.3
Air Magic      | 1 2 3 |  3.3
Earth Magic    | 1 2 3 |  3.3
Poison Magic   | 1 2 3 |  3.3
Dodging        | 5 6 |  6.1
Stealth        | 5 |  5.8
Fire Magic     | 6 |  6.4

Action                   |  1- 3 |  4- 6 |  7- 9 || total
-------------------------+-------+-------+-------++-------
Melee: Unarmed           |    17 |    13 |       ||    30
       Bite              |     2 |     3 |     1 ||     6
       Dagger            |       |    10 |       ||    10
       Punch             |       |     2 |     1 ||     3
       Trident           |       |     3 |    32 ||    35
 Cast: Foxfire           |    42 |   171 |   146 ||   359
       Scorch            |     1 |    14 |     2 ||    17
 Stab: Sleeping          |       |       |     1 ||     1
Armor: Robe              |     5 |    11 |     4 ||    20
Dodge: Dodged            |    13 |    15 |    32 ||    60
Block: Other             |       |     2 |    15 ||    17
